TOP OF THE 1ST |
Lexington Legends batting - Pitching for Kannapolis Intimidators : RHP Gabe Wagner
|
Pitching: RHP Gabe Wagner
|
|
Batting: LHB Edgar Ortiz
|
0-0: Ball 1-0: Ball 2-0: Foul Ball, location: 2F 2-1: Ground out 5-3 (Groundball, 56, EV 81.9 MPH)
|
Batting: RHB Jesus Malave
|
0-0: Called Strike 0-1: Ground out 4-3 (Groundball, 4, EV 81.9 MPH)
|
Batting: RHB Nick Julien
|
0-0: Ball 1-0: SINGLE (Flyball, 9S, EV 92.5 MPH) - OUT at second base trying to stretch hit.
|
Top of the 1st over - 0 runs, 1 hit, 0 errors, 0 left on base; Lexington 0 - Kannapolis 0 |
BOTTOM OF THE 1ST |
Kannapolis Intimidators batting - Pitching for Lexington Legends : LHP Butch Ott
|
Pitching: LHP Butch Ott
|
|
Batting: RHB Sean Peake
|
0-0: Ball 1-0: Called Strike 1-1: Called Strike 1-2: Strikes out swinging
|
Batting: RHB Mike Warzecha
|
0-0: Called Strike 0-1: Ball 1-1: DOUBLE (Line Drive, 89D, EV 110.6 MPH)
|
Batting: RHB Mark Jones
|
0-0: Called Strike 0-1: Ball 1-1: Ball 2-1: Ball Wild Pitch! Mike Warzecha to third 3-1: Called Strike 3-2: Foul Ball, location: 2F 3-2: Base on Balls
|
Batting: RHB Nick Kleckner
|
0-0: SINGLE (Line Drive, 6MD, EV 94.4 MPH) Mike Warzecha scores Mark Jones to second Runner from 2nd tries for 3rd, SAFE, throw by CF made to third
|
Batting: SHB Jose Castillo
|
0-0: Ball 1-0: Ball 2-0: Fielders Choice at 2nd, 1-6 (Groundball, 34S, EV 74.4 MPH)
|
Batting: RHB Armando Vazquez
|
0-0: Ball 1-0: Called Strike 1-1: Ground out 4-3 (Groundball, 34S, EV 87.5 MPH)
|
Bottom of the 1st over - 1 run, 2 hits, 0 errors, 2 left on base; Lexington 0 - Kannapolis 1 |
TOP OF THE 2ND |
Lexington Legends batting - Pitching for Kannapolis Intimidators : RHP Gabe Wagner
|
Batting: LHB Pablo Serrato
|
0-0: Called Strike 0-1: Ball 1-1: Called Strike 1-2: SOLO HOME RUN (Flyball, 9D, EV 95.6 MPH), Distance : 372 ft
|
Batting: SHB Bill Ertl
|
0-0: Called Strike 0-1: Ball 1-1: Ground out 4-3 (Groundball, 4, EV 90.0 MPH)
|
Batting: RHB Phil Hamby
|
0-0: Ball 1-0: Called Strike 1-1: Foul Ball, location: 2F 1-2: Ball 2-2: Fly out, F8 (Flyball, 89S, EV 90.0 MPH)
|
Batting: RHB Pat McCoy
|
0-0: Called Strike 0-1: Foul Ball, location: 2F 0-2: Ground out 5-3 (Groundball, 5S, EV 77.5 MPH)
|
Top of the 2nd over - 1 run, 1 hit, 0 errors, 0 left on base; Lexington 1 - Kannapolis 1 |
BOTTOM OF THE 2ND |
Kannapolis Intimidators batting - Pitching for Lexington Legends : LHP Butch Ott
|
Pitching: RHP Tony Jimenez
|
|
Batting: RHB Tatsunori Hayakawa
|
0-0: Ball 1-0: Called Strike 1-1: Ground out 5-3 (Groundball, 5, EV 105.0 MPH)
|
Batting: RHB Jose Marquez
|
0-0: Called Strike 0-1: Swinging Strike 0-2: Ball 1-2: Strikes out swinging
|
Batting: RHB Dunlang Clark
|
0-0: Ball 1-0: Called Strike 1-1: Foul Ball, location: 2F 1-2: SINGLE (Groundball, 6S, EV 73.1 MPH) (infield hit)
|
Batting: RHB Sean Peake
|
0-0: Ball Dunlang Clark steals 2nd base 1-0: Ball 2-0: Ball 3-0: Base on Balls
|
Batting: RHB Mike Warzecha
|
0-0: Called Strike 0-1: Ball 1-1: Called Strike 1-2: Ball 2-2: Foul Ball, location: 2F 2-2: Fly out, F3 (Line Drive, 3L, EV 65.6 MPH)
|
Bottom of the 2nd over - 0 runs, 1 hit, 0 errors, 2 left on base; Lexington 1 - Kannapolis 1 |
TOP OF THE 3RD |
Lexington Legends batting - Pitching for Kannapolis Intimidators : RHP Gabe Wagner
|
Batting: RHB Justin Goff
|
0-0: Swinging Strike 0-1: Swinging Strike 0-2: Strikes out swinging, 2-3 out at first.
|
Batting: LHB Danny Pacheco
|
0-0: Ball 1-0: SINGLE (Line Drive, 4D, EV 96.9 MPH)
|
Batting: LHB Edgar Ortiz
|
0-0: Ball 1-0: Foul Ball, location: 2F 1-1: Ball 2-1: Swinging Strike 2-2: Ball 3-2: Grounds into double play, 6-4-3 (Groundball, 6, EV 97.5 MPH)
|
Top of the 3rd over - 0 runs, 1 hit, 0 errors, 0 left on base; Lexington 1 - Kannapolis 1 |
BOTTOM OF THE 3RD |
Kannapolis Intimidators batting - Pitching for Lexington Legends : RHP Tony Jimenez
|
Batting: RHB Mark Jones
|
0-0: Ball 1-0: Ball 2-0: Foul Ball, location: 2F 2-1: Ball 3-1: Called Strike 3-2: SOLO HOME RUN (Flyball, 78XD, EV 95.6 MPH), Distance : 388 ft
|
Batting: RHB Nick Kleckner
|
0-0: Foul Ball, location: 2F 0-1: Called Strike 0-2: Ball 1-2: Strikes out swinging
|
Pitching: RHP Kolenka Leschenya
|
|
Batting: SHB Jose Castillo
|
0-0: Called Strike 0-1: Ball 1-1: Called Strike 1-2: Ball 2-2: Foul Ball, location: 2F 2-2: Strikes out swinging
|
Batting: RHB Armando Vazquez
|
0-0: Called Strike 0-1: Ground out 1-3 (Groundball, 15, EV 68.8 MPH)
|
Bottom of the 3rd over - 1 run, 1 hit, 0 errors, 0 left on base; Lexington 1 - Kannapolis 2 |
TOP OF THE 4TH |
Lexington Legends batting - Pitching for Kannapolis Intimidators : RHP Gabe Wagner
|
Batting: RHB Jesus Malave
|
0-0: Foul Ball, location: 2F 0-1: Ball 1-1: Swinging Strike 1-2: Strikes out swinging
|
Batting: RHB Nick Julien
|
0-0: Foul Ball, location: 2F 0-1: Swinging Strike 0-2: Strikes out swinging
|
Batting: LHB Pablo Serrato
|
0-0: SINGLE (Groundball, 4D, EV 104.4 MPH)
|
Batting: SHB Bill Ertl
|
0-0: Called Strike 0-1: Fly out, F7 (Flyball, 7D, EV 86.2 MPH)
|
Top of the 4th over - 0 runs, 1 hit, 0 errors, 1 left on base; Lexington 1 - Kannapolis 2 |
BOTTOM OF THE 4TH |
Kannapolis Intimidators batting - Pitching for Lexington Legends : RHP Kolenka Leschenya
|
Batting: RHB Tatsunori Hayakawa
|
0-0: Swinging Strike 0-1: Ball 1-1: Called Strike 1-2: Ball 2-2: Ball 3-2: Strikes out looking
|
Batting: RHB Jose Marquez
|
0-0: Swinging Strike 0-1: Foul Ball, location: 2F 0-2: Ball 1-2: Strikes out swinging
|
Batting: RHB Dunlang Clark
|
0-0: Swinging Strike 0-1: Ground out 1-3 (Groundball, 23, EV 67.5 MPH)
|
Bottom of the 4th over - 0 runs, 0 hits, 0 errors, 0 left on base; Lexington 1 - Kannapolis 2 |
TOP OF THE 5TH |
Lexington Legends batting - Pitching for Kannapolis Intimidators : RHP Gabe Wagner
|
Batting: RHB Phil Hamby
|
0-0: Ball 1-0: Foul Ball, location: 2F 1-1: Called Strike 1-2: Fly out, F6 (Line Drive, 6, EV 70.0 MPH)
|
Batting: RHB Pat McCoy
|
0-0: Ground out 1-3 (Groundball, 15, EV 68.1 MPH)
|
Batting: RHB Justin Goff
|
0-0: Ground out 1-3 (Groundball, 15S, EV 73.1 MPH)
|
Top of the 5th over - 0 runs, 0 hits, 0 errors, 0 left on base; Lexington 1 - Kannapolis 2 |
BOTTOM OF THE 5TH |
Kannapolis Intimidators batting - Pitching for Lexington Legends : RHP Kolenka Leschenya
|
Batting: RHB Sean Peake
|
0-0: Foul Ball, location: 2F 0-1: Foul Ball, location: 2F 0-2: Foul Ball, location: 2F 0-2: Ball 1-2: Foul Ball, location: 2F 1-2: Fly out, F9 (Flyball, 89M, EV 88.1 MPH)
|
Pitching: RHP Josh Rutledge
|
|
Batting: RHB Mike Warzecha
|
0-0: Hit by Pitch
|
Batting: RHB Mark Jones
|
0-0: Ball 1-0: Ball 2-0: Called Strike 2-1: Foul Ball, location: 2F 2-2: Ball 3-2: Base on Balls Mike Warzecha to second
|
Batting: RHB Nick Kleckner
|
0-0: Ball 1-0: Foul Ball, location: 2F 1-1: Grounds into double play, 4-6-3 (Groundball, 4, EV 95.0 MPH)
|
Bottom of the 5th over - 0 runs, 0 hits, 0 errors, 1 left on base; Lexington 1 - Kannapolis 2 |
TOP OF THE 6TH |
Lexington Legends batting - Pitching for Kannapolis Intimidators : RHP Gabe Wagner
|
Batting: LHB Danny Pacheco
|
0-0: Foul Ball, location: 2F 0-1: Foul Ball, location: 2F 0-2: Ball 1-2: Strikes out swinging
|
Batting: LHB Edgar Ortiz
|
0-0: Foul Ball, location: 2F 0-1: SOLO HOME RUN (Flyball, 9D, EV 96.2 MPH), Distance : 375 ft
|
Batting: RHB Jesus Malave
|
0-0: Ball 1-0: Called Strike 1-1: Fly out, F8 (Flyball, 8RD, EV 101.2 MPH)
|
Batting: RHB Nick Julien
|
0-0: Ball 1-0: Called Strike 1-1: Foul Ball, location: 2F 1-2: Fly out, F8 (Flyball, 89M, EV 88.8 MPH)
|
Top of the 6th over - 1 run, 1 hit, 0 errors, 0 left on base; Lexington 2 - Kannapolis 2 |
BOTTOM OF THE 6TH |
Kannapolis Intimidators batting - Pitching for Lexington Legends : RHP Josh Rutledge
|
Batting: SHB Jose Castillo
|
0-0: Ball 1-0: Ball 2-0: Ball 3-0: Called Strike 3-1: Base on Balls
|
Batting: RHB Armando Vazquez
|
|
Pinch Hitting: LHB James Groshong
|
0-0: Called Strike 0-1: Foul Ball, location: 2F 0-2: SINGLE (Groundball, 5D, EV 94.4 MPH) Jose Castillo to second
|
Batting: RHB Tatsunori Hayakawa
|
0-0: Ball 1-0: Called Strike 1-1: Ball 2-1: Called Strike 2-2: Ball 3-2: Foul Ball, location: 2F 3-2: Base on Balls Jose Castillo to third James Groshong to second
|
Pitching: RHP Ian Current
|
|
Pinch Hitting: LHB Herkko Haavikko
|
0-0: Ball 1-0: Ball 2-0: Foul Ball, location: 2F 2-1: Called Strike 2-2: Ball 3-2: Foul Ball, location: 2F 3-2: Foul Ball, location: 2F 3-2: Base on Balls Jose Castillo scores James Groshong to third Tatsunori Hayakawa to second
|
Batting: RHB Dunlang Clark
|
0-0: Ball 1-0: Called Strike 1-1: Ball 2-1: Foul Ball, location: 2F 2-2: Strikes out looking
|
Batting: RHB Sean Peake
|
0-0: Ball 1-0: Fly out, F9 (Flyball, 89D, EV 71.9 MPH) Runner from 3rd tags up, SCORES, throw by RF Tatsunori Hayakawa to third
|
Batting: RHB Mike Warzecha
|
0-0: Called Strike 0-1: Ground out 6-3 (Groundball, 56D, EV 101.9 MPH)
|
Bottom of the 6th over - 2 runs, 1 hit, 0 errors, 2 left on base; Lexington 2 - Kannapolis 4 |
TOP OF THE 7TH |
Lexington Legends batting - Pitching for Kannapolis Intimidators : RHP Gabe Wagner
|
Now at SS: Santos Guadalupe
|
|
Now in RF: Herkko Haavikko
|
|
Batting: LHB Pablo Serrato
|
0-0: Ball 1-0: Called Strike 1-1: Called Strike 1-2: DOUBLE (Line Drive, 7LM, EV 106.2 MPH)
|
Batting: SHB Bill Ertl
|
0-0: Ball 1-0: Ball 2-0: Ground out U3 (Groundball, 34S, EV 86.2 MPH) Pablo Serrato to third
|
Batting: RHB Phil Hamby
|
0-0: Ball 1-0: Ball 2-0: Foul Ball, location: 2F 2-1: Ball 3-1: Foul Ball, location: 2F 3-2: Foul Ball, location: 2F 3-2: SINGLE (Groundball, 6MD, EV 102.5 MPH) Pablo Serrato scores
|
Batting: RHB Pat McCoy
|
0-0: Called Strike 0-1: Foul Ball, location: 2F 0-2: Strikes out looking
|
Batting: RHB Justin Goff
|
0-0: Ball 1-0: Ball 2-0: Called Strike 2-1: Foul Ball, location: 2F 2-2: Ball 3-2: Strikes out swinging
|
Top of the 7th over - 1 run, 2 hits, 0 errors, 1 left on base; Lexington 3 - Kannapolis 4 |
BOTTOM OF THE 7TH |
Kannapolis Intimidators batting - Pitching for Lexington Legends : RHP Ian Current
|
Pitching: RHP Nam Phong
|
|
Batting: RHB Mark Jones
|
0-0: Foul Ball, location: 2F 0-1: Ball 1-1: Ball 2-1: Ball 3-1: Fly out, F8 (Flyball, 8LM, EV 95.0 MPH)
|
Batting: RHB Nick Kleckner
|
0-0: Called Strike 0-1: Ball 1-1: Foul Ball, location: 2F 1-2: Foul Ball, location: 2F 1-2: Foul Ball, location: 2F 1-2: Foul Ball, location: 2F 1-2: Ball 2-2: Strikes out looking
|
Batting: SHB Jose Castillo
|
0-0: Ground out 4-3 (Groundball, 4, EV 83.1 MPH)
|
Bottom of the 7th over - 0 runs, 0 hits, 0 errors, 0 left on base; Lexington 3 - Kannapolis 4 |
TOP OF THE 8TH |
Lexington Legends batting - Pitching for Kannapolis Intimidators : RHP Gabe Wagner
|
Batting: LHB Danny Pacheco
|
0-0: Ball 1-0: Foul Ball, location: 2F 1-1: Ball 2-1: SINGLE (Line Drive, 4D, EV 96.2 MPH)
|
Batting: LHB Edgar Ortiz
|
0-0: Fielders Choice at 2nd, 2-6 (Groundball, 13S, EV 70.0 MPH)
|
Batting: RHB Jesus Malave
|
0-0: Ball 1-0: Ball 2-0: Ball 3-0: Called Strike 3-1: Foul Ball, location: 2F 3-2: Foul Ball, location: 2F 3-2: Strikes out swinging
|
Batting: RHB Nick Julien
|
0-0: Called Strike 0-1: Ground out 6-3 (Groundball, 6S, EV 81.2 MPH)
|
Top of the 8th over - 0 runs, 1 hit, 0 errors, 1 left on base; Lexington 3 - Kannapolis 4 |
BOTTOM OF THE 8TH |
Kannapolis Intimidators batting - Pitching for Lexington Legends : RHP Nam Phong
|
Pitching: LHP Tyler Abraham
|
|
Batting: RHB Santos Guadalupe
|
0-0: Called Strike 0-1: Swinging Strike 0-2: Ball 1-2: Reached on error, E6 (Groundball, 56, EV 85.6 MPH)
|
Batting: RHB Tatsunori Hayakawa
|
0-0: Bunt missed! 0-1: Sac Bunt to 25 - play at first, batter OUT! 5-3 Santos Guadalupe to second
|
Batting: LHB Herkko Haavikko
|
0-0: Swinging Strike 0-1: Foul Ball, location: 2F 0-2: Ball 1-2: Strikes out looking
|
Batting: RHB Dunlang Clark
|
0-0: Ball 1-0: Swinging Strike 1-1: DOUBLE (Line Drive, 78D, EV 105.6 MPH) Santos Guadalupe scores
|
Batting: RHB Sean Peake
|
0-0: Called Strike 0-1: Ball 1-1: Ball 2-1: Ball 3-1: Called Strike 3-2: Strikes out swinging
|
Bottom of the 8th over - 1 run, 1 hit, 1 error, 1 left on base; Lexington 3 - Kannapolis 5 |
TOP OF THE 9TH |
Lexington Legends batting - Pitching for Kannapolis Intimidators : RHP Gabe Wagner
|
Pitching: RHP Chris Worster
|
|
Batting: LHB Pablo Serrato
|
0-0: Ball 1-0: Called Strike 1-1: Called Strike 1-2: Foul Ball, location: 2F 1-2: Ball 2-2: Ball 3-2: Foul Ball, location: 2F 3-2: Ground out U3 (Groundball, 3, EV 99.4 MPH)
|
Batting: SHB Bill Ertl
|
0-0: Ground out 1-3 (Groundball, 34S, EV 74.4 MPH)
|
Batting: RHB Phil Hamby
|
0-0: Foul Ball, location: 2F 0-1: Ground out 1-6-3 (Groundball, 15S, EV 101.9 MPH)
|
Top of the 9th over - 0 runs, 0 hits, 0 errors, 0 left on base; Lexington 3 - Kannapolis 5 |
|